 Dungeon Crawl Stone Soup version 0.31.0-1-g2c135a0 (webtiles) character file.

Game seed: 6602876608202457801

4682 brinewave the Fighter (level 10, -11/89 (90) HPs)
             Began as a Minotaur Fighter on Jan 27, 2024.
             Mangled by a death yak (15 damage)
             ... on level 8 of the Dungeon.
             The game lasted 00:20:14 (7667 turns).

brinewave the Fighter (Minotaur Fighter)            Turns: 7667, Time: 00:20:15

HP:   -11/89 (90)   AC: 16    Str: 25    XL:     10   Next: 21%
MP:   15/15         EV: 11    Int:  5    God:
Gold: 527           SH: 10    Dex: 10    Spells: 9/9 levels left

rFire   . . .        a - +0 war axe
rCold   + . .        k - +0 kite shield
rNeg    . . .        i - +0 plate armour
rPois   .            (helmet restricted)
rElec   .            (no cloak)
rCorr   .            v - +0 pair of gloves
SInv    .            C - +0 pair of boots
Will    .....        (no amulet) Stlth
                     e - +5 ring of evasion
HPRegen 0.34/turn    B - ring of protection from cold
MPRegen 0.14/turn

%: no passive effects
@: mighty, lightly drained
A: horns 2, retaliatory headbutt
a: no special abilities


You were on level 8 of the Dungeon.
You visited 1 branch of the dungeon, and saw 8 of its levels.

You collected 527 gold pieces.

Inventory:

Hand Weapons
 a - a +0 war axe (weapon)
Missiles
 g - 93 stones (quivered)
 w - 10 boomerangs
 x - 34 poisoned darts
Armour
 i - a +0 plate armour (worn)
 k - a +0 kite shield (worn)
 s - a +2 ring mail of poison resistance
 v - a +0 pair of gloves (worn)
 C - a +0 pair of boots (worn)
Jewellery
 e - a +5 ring of evasion (left hand)
 B - a ring of protection from cold (right hand)
Wands
 c - a wand of roots (13)
 t - a wand of flame (16)
Scrolls
 h - a scroll of immolation {unknown}
 j - a scroll of fog
 l - a scroll of revelation {unknown}
 n - a scroll of silence {unknown}
 p - 4 scrolls of teleportation
 r - a scroll of vulnerability {unknown}
 y - a scroll of blinking {unknown}
 z - a scroll of noise {unknown}
 A - a scroll of enchant armour {unknown}
Potions
 b - a potion of enlightenment
 d - a potion of might
 f - 4 potions of haste
 m - 6 potions of curing
 o - a potion of degeneration
 q - a potion of lignification
 u - 2 potions of mutation


   Skills:
 + Level 8.6 Fighting
 - Level 7.4 Axes
 + Level 8.5 Armour
 + Level 8.4 Shields
 * Level 8.2 Invocations


You had 9 spell levels left.
You didn't know any spells.
Your spell library contained the following spells:

 Spells                   Type           Power      Damage    Failure   Level
 Sandblast                Erth           0%         2d4       100%        1
 Lesser Beckoning         Tloc           0%         N/A       100%        2
 Fugue of the Fallen      Necr           0%         N/A       100%        3
 Gell's Gravitas          Tloc           0%         N/A       100%        3
 Ozocubu's Armour         Ice            0%         N/A       100%        3
 Passwall                 Erth           0%         N/A       100%        3
 Stone Arrow              Conj/Erth      0%         3d7       100%        3
 Teleport Other           Tloc           0%         N/A       100%        3
 Brom's Barrelling Bould  Conj/Erth      0%         2d3       100%        4
 Manifold Assault         Tloc           0%         N/A       100%        4
 Alistair's Intoxication  Alch           0%         N/A       100%        5
 Borgnjor's Vile Clutch   Necr/Erth      0%         N/A       100%        5
 Eringya's Noxious Bog    Alch           0%         4d6       100%        6
 Haunt                    Necr/Summ      0%         N/A       100%        7
 Borgnjor's Revivificati  Necr           0%         N/A       100%        8
 Death's Door             Necr           0%         N/A       100%        9


Dungeon Overview and Level Annotations

Branches:
Dungeon (8/15)             Temple (0/1) D:4
   Lair: D:8-11

Altars:
Cheibriados
Dithmenos
Okawaru
Vehumet
Wu Jian
The Shining One

Shops:
D:4 :

Annotations:
D:5 1 runed translucent door, Agrajag's ghost, novice HOFi


Innate Abilities, Weirdness & Mutations

You have a pair of horns on your head.
You reflexively headbutt those who attack you in melee.


Message History

The arrow hits you!
* * * LOW HITPOINT WARNING * * *
The death yak snorts and paws the ground.
You don't know any spells.
Aiming: Fastroot
Press: ? - help, Shift-Dir - straight line The roots erupt in riotous growth!
Roots grab the death yak.
The grasping roots constrict the death yak.
The death yak escapes!
You slash the rat!
You kill the rat!
The death yak attacks as it pursues you!
You block the death yak's attack.
You closely miss the rat. You headbutt the rat.
You kill the rat!
You hit the death yak. You block the death yak's attack.
You block the quokka's attack.
The death yak attacks as it pursues you!
The death yak barely misses you. You furiously retaliate!
You headbutt the death yak.
You see here a rat corpse.
You hit the quokka.
You kill the quokka!
You hit the death yak but do no damage.
The death yak gores you but does no damage.
You slash the river rat!
The river rat is almost dead.
You hit the death yak. You block the death yak's attack.
The river rat barely misses you. The death yak gores you!
* * * LOW HITPOINT WARNING * * *
You slash the river rat!
You kill the river rat!
You hit the death yak but do no damage. The death yak gores you!
* * * LOW HITPOINT WARNING * * *
You see here a quokka corpse.
The death yak bellows!
You feel very mighty all of a sudden. The death yak gores you!
You die...

.)[...### #.##.##.#
###..## #.##....#
###.### #.####..#
..#.#.# ##<####..#
###.#.# #<....#..# #
#...########.#..#
###..........#..########
############.Y.Y.....#
#@#######r# #.Yrc..##.#
######.##c# #.##Y#
#c##.# #r##.# #....#
######


You could see 3 death yaks, a centaur and a quokka.

Vanquished Creatures
  3 yaks
  Eustachio (D:5)
  3 steam dragons
  An acid dragon (D:8)
  Duvessa (D:6)
  2 water moccasins (D:6)
  An orc warrior (D:8)
  3 sky beasts
  2 black bears (D:5)
  3 ice beasts
  2 ogres (D:6)
  2 phantoms
  4 bullfrogs
  4 kobold brigands
  2 scorpions
  Dowan (D:6)
  4 killer bees
  A howler monkey (D:7)
  2 bombardier beetles (D:5)
  A crimson imp (D:5)
  3 jellies
  5 orc priests
  8 hounds
  2 sleepcaps
  A scorpion zombie (D:3)
  6 iguanas
  Natasha (thrice) (D:2)
  5 orc wizards
  A hell rat (D:8)
  A statue (D:6)
  A hound zombie (D:3)
  2 hound skeletons (D:3)
  A gnoll (D:7)
  6 adders
  A river rat (D:8)
  3 white imps
  An ufetubus (D:7)
  2 adder skeletons (D:3)
  2 adder zombies (D:3)
  3 dart slugs
  16 orcs
  6 bats
  5 endoplasms
  2 giant cockroaches
  6 goblins
  6 hobgoblins
  5 jackals
  6 quokkas
  11 ball pythons
  A ball python skeleton (D:3)
  3 frilled lizards
  A giant cockroach zombie (D:3)
  A goblin skeleton (D:5)
  A goblin zombie (D:5)
  3 hobgoblin zombies (D:5)
  A jackal zombie (D:3)
  26 kobolds
  A kobold skeleton (D:5)
  2 kobold zombies (D:5)
  An orc skeleton (D:5)
  An orc zombie (D:5)
  6 rats
211 creatures vanquished.

Notes
Turn   | Place    | Note
-------+----------+-------------------------------------------
     0 | D:1      | brinewave the Minotaur Fighter began the quest for the Orb.
     0 | D:1      | Reached XP level 1. HP: 19/19 MP: 0/0
    65 | D:1      | Reached XP level 2. HP: 27/27 MP: 1/1
   427 | D:1      | Reached XP level 3. HP: 33/33 MP: 2/2
   637 | D:2      | Noticed Natasha
   650 | D:2      | Killed Natasha
   651 | D:2      | Reached skill level 1 in Invocations
   751 | D:2      | Reached XP level 4. HP: 39/40 MP: 3/3
   791 | D:2      | Noticed Natasha
   797 | D:2      | Killed Natasha
   914 | D:2      | Identified the +0 robe of the Hills {rC+ Archmagi}
   920 | D:2      | Noticed Natasha
   926 | D:2      | Killed Natasha
  1451 | D:2      | Reached XP level 5. HP: 43/46 MP: 5/5
  2197 | D:3      | Reached skill level 5 in Axes
  2609 | D:3      | Reached XP level 6. HP: 27/53 MP: 6/6
  2881 | D:4      | Reached skill level 5 in Fighting
  2881 | D:4      | Reached skill level 5 in Armour
  3001 | D:4      | Reached XP level 7. HP: 55/61 MP: 6/8
  3076 | D:4      | Found a shadowy altar of Dithmenos.
  3179 | D:4      | Reached skill level 5 in Shields
  3236 | D:4      | Found a snail-covered altar of Cheibriados.
  3304 | D:4      | Found Ebruhej's Tremendous Tomes.
  3393 | D:4      | Found a staircase to the Ecumenical Temple.
  3607 | D:5      | Entered Level 5 of the Dungeon
  3607 | D:5      | Found an iron altar of Okawaru.
  3948 | D:5      | Reached XP level 8. HP: 54/70 MP: 9/9
  4207 | D:5      | Found a glowing golden altar of the Shining One.
  4241 | D:5      | Found a runed translucent door.
  4497 | D:5      | Reached skill level 5 in Invocations
  4622 | D:5      | Noticed Agrajag's ghost (novice HOFi)
  4892 | D:5      | Reached XP level 9. HP: 69/78 MP: 10/12
  4917 | D:5      | Noticed Eustachio
  4940 | D:5      | Killed Eustachio
  5331 | D:6      | Noticed Dowan
  5337 | D:6      | Noticed Duvessa
  5363 | D:6      | Killed Duvessa
  5366 | D:6      | Killed Dowan
  5467 | D:6      | Found a radiant altar of Vehumet.
  5702 | D:6      | Found an ornate altar of the Wu Jian Council.
  6857 | D:7      | Reached XP level 10. HP: 88/88 MP: 14/14
  7616 | D:8      | Noticed a death yak
  7620 | D:8      | Noticed a death yak
  7624 | D:8      | Noticed a death yak
  7664 | D:8      | HP: 3/89 [death yak (13)]
  7667 | D:8      | Mangled by a death yak

Illustrated notes

Levels and vault maps discovered:
D:1:      heliophobic_arrival_ceremonial_halls, layout_loops_cross
D:2:      minmay_razor_zed, layout_loops_ring, uniq_natasha
D:3:      layout_basic, serial_undead, serial_undead_e, serial_undead_d,
          serial_undead_f, serial_undead_b, serial_undead_d, serial_undead_e,
          serial_undead_a, serial_undead_b, serial_undead_c, serial_undead_e,
          minmay_puff
D:4:      layout_cave_pools, grunt_dithmenos_smoke, mainiacjoe_overflow_paths,
          minmay_temple_entry_antechambers, nicolae_shop_i_like_big_books
D:5:      layout_rooms, nicolae_tso_besieged_by_evil, okawaru_gym_becter,
          hellmonk_ghost_happy_afterlife, minmay_bent, uniq_eustachio
D:6:      layout_gridville, lemuel_coloured_pillars_altar, vehumet_statue,
          uniq_duvessa
D:7:      hangedman_cross_stitches, layout_loops_corners,
          corexii_item_surrounded_by_moat
D:8:      layout_basic, dpeg_lair_monsters, serial_shops,
          nicolae_shop_waterfront, nicolae_shop_stone, nicolae_wooded_promenade,
          grunt_ministairs_15, uniq_psyche

Skill      XL: |  1  2  3  4  5  6  7  8  9 10 |
---------------+-------------------------------+-----
Axes           | 3 4 5 7 |  7.4
Fighting       | 4 5 6 8 |  8.6
Armour         | 4 5 6 8 |  8.5
Shields        | 4 5 6 8 |  8.4
Invocations    | 1 2 3 5 7 8 |  8.2

Action                     |  1- 3 |  4- 6 |  7- 9 | 10-12 || total
---------------------------+-------+-------+-------+-------++-------
  Melee: War axe           |    67 |   100 |   300 |    66 ||   533
         Headbutt          |     9 |    17 |    40 |    11 ||    77
  Throw: Dart              |       |       |     2 |       ||     2
  Evoke: Wand              |       |       |       |     1 ||     1
    Use: Scroll            |       |     2 |     9 |     1 ||    12
         Potion            |       |       |       |     1 ||     1
 Armour: Scale mail        |    11 |       |       |       ||    11
         Plate armour      |    37 |    75 |   232 |    76 ||   420
  Dodge: Dodged            |    64 |    41 |   167 |    38 ||   310
  Block: Buckler           |    21 |    21 |    22 |       ||    64
         Kite shield       |       |       |   143 |    47 ||   190
